[Event "Titled Tuesday Blitz June 27 Late 2023"]
[White "Barp, Alberto"]
[Black "David, Bogdan-Emanuel"]
[WhiteFideId "872555"]
[BlackFideId "1229907"]
[WhiteElo "2724"]
[BlackElo "2569"]
[Result "0-1"]
[Round "9"]
[TimeControl "180+2"]
[Date "2023.06.27"]
[WhiteClock "0:00:05"]
[BlackClock "0:00:12"]
[Board "38"]

1. d4 d6 2. Nc3 g6 3. h4 Nf6 4. e4 c6 5. Be2 b5 6. a3 h5 7. Bg5 Bg7 8. Qd2 Nbd7 9. f4 Nb6 10. e5 Nfd5 11. Nxd5 Nxd5 12. Bd3 Qb6 13. Ne2 Bg4 14. c3 a5 15. O-O f6 16. Bxg6+ Kd7 17. exf6 exf6 18. Ng3 fxg5 19. fxg5 Raf8 20. Nf5 Bxf5 21. Bxf5+ Kc7 22. Rae1 Qb8 23. Be6 Kb6 24. a4 Rxf1+ 25. Rxf1 Rf8 26. Re1 Nc7 27. axb5 cxb5 28. d5 Ka6 29. Kh1 Qb6 30. Qe2 Rf2 31. Qxh5 Rxb2 32. Qf7 Qf2 33. Qxf2 Rxf2 34. h5 Bxc3 35. Re3 Bd4 36. Rf3 Rxf3 37. gxf3 a4 38. h6 a3 39. g6 a2 40. g7 a1=Q+ 41. Kg2 Bxg7 42. hxg7 Qxg7+ 0-1


[Site "https://www.chess.com"]

[Event "Titled Tuesday Blitz June 27 Late 2023"]
[White "Hajiyev, Kanan"]
[Black "Goltsev, Dmitry"]
[WhiteFideId "13404148"]
[BlackFideId "24176710"]
[WhiteElo "2553"]
[BlackElo "2706"]
[Result "0-1"]
[Round "9"]
[TimeControl "180+2"]
[Date "2023.06.27"]
[WhiteClock "0:00:12"]
[BlackClock "0:00:35"]
[Board "39"]

1. d4 Nf6 2. c4 e6 3. Nf3 b6 4. a3 Bb7 5. Nc3 d5 6. cxd5 exd5 7. Bg5 Nbd7 8. e3 h6 9. Bh4 c6 10. Bd3 Bd6 11. O-O O-O 12. b4 a5 13. Qb3 axb4 14. axb4 Qe7 15. Bf5 g5 16. Nxg5 hxg5 17. Bxg5 Kg7 18. b5 c5 19. Bxd7 Qxd7 20. dxc5 bxc5 21. Rxa8 Rxa8 22. Rd1 d4 23. exd4 cxd4 24. Ne2 Qg4 25. Bxf6+ Kxf6 26. Ng3 Ra3 27. Qc2 Bxg3 28. fxg3 Qe4 29. Qf2+ Kg7 30. h3 Qe3 31. Rxd4 Ra1+ 0-1


[Site "https://www.chess.com"]

[Event "Titled Tuesday Blitz June 27 Late 2023"]
[White "Hambleton, Aman"]
[Black "Martinez Reyes, Pedro Ramon"]
[WhiteFideId "2606577"]
[BlackFideId "3901807"]
[WhiteElo "2703"]
[BlackElo "2547"]
[Result "1-0"]
[Round "9"]
[TimeControl "180+2"]
[Date "2023.06.27"]
[WhiteClock "0:00:07"]
[BlackClock "0:00:36"]
[Board "40"]

1. e4 Nf6 2. e5 Ng8 3. d4 d6 4. Nf3 Bg4 5. h3 Bh5 6. e6 fxe6 7. Bc4 Qd7 8. Qe2 Bxf3 9. Qxf3 Nc6 10. Be3 Nf6 11. g4 h6 12. h4 O-O-O 13. g5 hxg5 14. hxg5 Rxh1+ 15. Qxh1 Nd5 16. Bxd5 exd5 17. Qxd5 Qg4 18. Nd2 e5 19. dxe5 dxe5 20. Qe4 Qg1+ 21. Nf1 Nd4 22. c3 Nc6 23. Ke2 Kb8 24. Re1 Bd6 25. Ng3 Qh2 26. Rh1 Qxh1 27. Nxh1 Ne7 28. Qh7 g6 29. Qf7 e4 30. Ng3 Nc6 31. Qxg6 Ne5 32. Qxe4 Rg8 33. Nf5 Nf7 34. Nxd6 Nxd6 35. Qe6 Re8 36. Qd5 Nc8 37. g6 c6 38. Qf7 Rd8 39. g7 Nd6 40. Qf8 Kc7 41. Qxd8+ Kxd8 42. g8=Q+ Kc7 43. Bf4 Kb6 44. Bxd6 Ka6 45. Qc4+ b5 46. Qxc6+ Ka5 47. Bb4+ Ka4 48. b3# 1-0


[Site "https://www.chess.com"]

[Event "Titled Tuesday Blitz June 27 Late 2023"]
[White "Mirzoev, Azer"]
[Black "Chor, Kevin"]
[WhiteFideId "13400304"]
[BlackFideId "2090740"]
[WhiteElo "2684"]
[BlackElo "2546"]
[Result "1-0"]
[Round "9"]
[TimeControl "180+2"]
[Date "2023.06.27"]
[WhiteClock "0:01:09"]
[BlackClock "0:00:33"]
[Board "41"]

1. c4 c5 2. Nc3 Nc6 3. g3 g6 4. Bg2 Bg7 5. h4 Nf6 6. a3 Rb8 7. Rb1 a5 8. d3 d6 9. Nh3 e5 10. Ng5 h6 11. Nge4 Nxe4 12. dxe4 Be6 13. b3 O-O 14. e3 f5 15. h5 g5 16. exf5 Bxf5 17. Rb2 e4 18. Nxe4 Bxe4 19. Bxe4 Bc3+ 20. Kf1 Bxb2 21. Bxb2 Ne5 22. Bd5+ Kg7 23. Kg2 Qf6 24. f4 b5 25. cxb5 Rxb5 26. Qe2 Rbb8 27. fxe5 dxe5 28. Bc3 Rfd8 29. e4 Rf8 30. a4 Rbd8 31. Rf1 Qxf1+ 32. Qxf1 Rxf1 33. Kxf1 Kf6 34. Bxa5 1-0


[Site "https://www.chess.com"]

[Event "Titled Tuesday Blitz June 27 Late 2023"]
[White "ArchibaldCerveza29"]
[Black "Stoleriu, George"]
[BlackFideId "1227505"]
[WhiteElo "2532"]
[BlackElo "2675"]
[Result "0-1"]
[Round "9"]
[TimeControl "180+2"]
[Date "2023.06.27"]
[WhiteClock "0:00:49"]
[BlackClock "0:00:33"]
[Board "42"]

1. e4 e6 2. d4 d5 3. Nd2 Be7 4. Bd3 c5 5. c3 Nc6 6. Ngf3 cxd4 7. cxd4 dxe4 8. Nxe4 Nf6 9. O-O O-O 10. Nc3 h6 11. a3 b6 12. Bc2 a5 13. Re1 Ba6 14. Be3 Rc8 15. Qd2 Ng4 16. Bf4 Bd6 17. Rad1 Ne7 18. Bb1 Bxf4 19. Qxf4 Nf6 20. Ne4 Ned5 21. Qh4 Nxe4 22. Qxe4 Nf6 23. Qh4 Qd5 24. Ne5 Rfd8 25. Rd2 Rc7 26. Qg3 Rdc8 27. h4 Rc1 28. Red1 Be2 29. Rxc1 Rxc1+ 30. Kh2 Rxb1 31. Rxe2 Qxd4 32. Nc6 Ng4+ 0-1


[Site "https://www.chess.com"]

[Event "Titled Tuesday Blitz June 27 Late 2023"]
[White "Sukandar, Irine Kharisma"]
[Black "Papp, Levente"]
[WhiteFideId "7101937"]
[BlackFideId "751243"]
[WhiteElo "2475"]
[BlackElo "2674"]
[Result "0-1"]
[Round "9"]
[TimeControl "180+2"]
[Date "2023.06.27"]
[WhiteClock "0:00:00"]
[BlackClock "0:00:06"]
[Board "43"]

1. e4 e6 2. d4 d5 3. Nc3 Bb4 4. exd5 exd5 5. Bd3 Nc6 6. Ne2 Nge7 7. a3 Bxc3+ 8. bxc3 Bf5 9. Rb1 b6 10. O-O O-O 11. Ng3 Bxd3 12. cxd3 Qd7 13. Qf3 Rfe8 14. Bg5 Ng6 15. Nf5 f6 16. Bd2 Nce7 17. Ne3 c6 18. g3 Qh3 19. Rfe1 Rad8 20. a4 Qd7 21. h4 Qh3 22. Ng2 Nf5 23. Qh5 Nxg3 24. fxg3 Qxg3 25. Rxe8+ Rxe8 26. Re1 Rxe1+ 27. Bxe1 Qxd3 28. Qg4 Nf8 29. Qc8 Qc4 30. Bg3 Qxc3 31. Bd6 Qxd4+ 32. Kh2 h5 33. Qxf8+ Kh7 34. Qe8 Qg4 35. Qxc6 d4 36. Qc2+ Kg8 37. Qb3+ Kh7 38. Qd3+ Kg8 39. Bg3 Kf7 40. Bf2 g5 41. Bxd4 gxh4 42. Qc4+ Kg6 43. Qd3+ Kf7 44. Bf2 Qxa4 45. Qh7+ Ke6 46. Qxh5 Qe4 47. Bxh4 Qe5+ 48. Qxe5+ fxe5 49. Bf2 Kd5 50. Kg3 Ke4 51. Nh4 Kd3 52. Nf5 e4 53. Kf4 a5 54. Bxb6 a4 55. Bc5 Kc4 56. Bf8 Kb3 57. Kxe4 a3 58. Nd4+ Kb2 59. Nb5 a2 60. Bg7+ Kb1 61. Na3+ Kc1 62. Kd3 Kd1 63. Kc3 Kc1 0-1


[Site "https://www.chess.com"]

[Event "Titled Tuesday Blitz June 27 Late 2023"]
[White "Karthik, Advaith"]
[Black "Ashraf, Artin"]
[WhiteFideId "30946050"]
[BlackFideId "22514805"]
[WhiteElo "2471"]
[BlackElo "2656"]
[Result "0-1"]
[Round "9"]
[TimeControl "180+2"]
[Date "2023.06.27"]
[WhiteClock "0:01:00"]
[BlackClock "0:00:24"]
[Board "44"]

1. d4 g6 2. c4 Bg7 3. Nc3 c5 4. d5 Bxc3+ 5. bxc3 Nf6 6. Qc2 d6 7. e4 Qa5 8. Bd3 Nbd7 9. f4 Nb6 10. Nf3 Bg4 11. O-O O-O-O 12. e5 Nfd7 13. Ng5 Rdf8 14. exd6 exd6 15. h3 Bf5 16. Bxf5 gxf5 17. Qxf5 Nxc4 18. Nxf7 Qxc3 19. Rb1 Rhg8 20. Rxb7 Kxb7 21. Qxd7+ Kb8 22. Nxd6 Qd4+ 23. Be3 Rxg2+ 24. Kxg2 Nxe3+ 25. Kh1 Qxd5+ 26. Kg1 Qg2# 0-1


[Site "https://www.chess.com"]

[Event "Titled Tuesday Blitz June 27 Late 2023"]
[White "Hoffmann, Asa"]
[Black "Vlassov, Nikolai"]
[WhiteFideId "2001470"]
[BlackFideId "4103360"]
[WhiteElo "2454"]
[BlackElo "2644"]
[Result "1-0"]
[Round "9"]
[TimeControl "180+2"]
[Date "2023.06.27"]
[WhiteClock "0:00:01"]
[BlackClock "0:00:00"]
[Board "45"]

1. d4 Nf6 2. Bg5 e6 3. Nd2 h6 4. Bh4 c5 5. e3 b6 6. Ngf3 Bb7 7. Bd3 g5 8. Bg3 g4 9. Nh4 Rg8 10. c4 cxd4 11. exd4 Be7 12. Qe2 Nc6 13. Be5 Nh5 14. Bh7 Rg5 15. f4 Rxe5 16. dxe5 Bxh4+ 17. g3 Bxg3+ 18. hxg3 Nxg3 19. Qg2 Nxh1 20. Qxh1 Qc7 21. Qxh6 O-O-O 22. O-O-O Nd4 23. Qg7 g3 24. Kb1 g2 25. Be4 Ne2 26. Qxg2 Nxf4 27. Bxb7+ Qxb7 28. Qf2 Nd3 29. Qd4 Nc5 30. b4 Na4 31. Ne4 Kb8 32. Rd3 a5 33. a3 axb4 34. axb4 Rc8 35. Ka2 Qa6 36. Kb3 b5 37. Qd6+ Qxd6 38. Nxd6 bxc4+ 39. Nxc4 d5 40. exd6 Rxc4 41. Kxc4 Nb6+ 42. Kc5 Nd7+ 43. Kb5 Kc8 44. Rc3+ Kd8 45. Rc7 f5 46. Kc6 Ne5+ 47. Kc5 f4 48. Kd4 Nd7 49. Ke4 e5 50. b5 1-0


[Site "https://www.chess.com"]

[Event "Titled Tuesday Blitz June 27 Late 2023"]
[White "Matinian, Nikita"]
[Black "Nunez V, Gustavo Eduardo"]
[WhiteFideId "24129100"]
[BlackFideId "4403690"]
[WhiteElo "2717"]
[BlackElo "2461"]
[Result "1-0"]
[Round "9"]
[TimeControl "180+2"]
[Date "2023.06.27"]
[WhiteClock "0:01:59"]
[BlackClock "0:01:25"]
[Board "46"]

1. e4 c5 2. Nc3 g6 3. f4 Bg7 4. Nf3 e6 5. d4 cxd4 6. Nxd4 Nc6 7. Ndb5 Bf8 8. Nd6+ Bxd6 9. Qxd6 Qe7 10. Nb5 Qxd6 11. Nxd6+ Ke7 12. e5 f6 13. b3 fxe5 14. Ba3 Kf6 15. fxe5+ Nxe5 16. Bb5 Nh6 17. O-O+ Nf5 18. Bb2 a6 19. Ne4+ Ke7 20. Bxe5 axb5 21. Bxh8 d5 22. Ng3 Bd7 23. Be5 b4 24. Nxf5+ gxf5 25. c3 Bb5 26. Rfe1 bxc3 27. Bxc3 Rc8 28. Bb4+ Kf7 29. Rac1 Ra8 30. a4 Bc6 31. Bc3 Rg8 32. g3 h5 33. Kf2 h4 34. gxh4 d4 35. Bxd4 Rg2+ 36. Ke3 Rxh2 37. Rxc6 bxc6 38. a5 Rxh4 39. Kd3 f4 40. a6 Rh3+ 41. Kc4 e5 42. Rxe5 Rh2 43. Ra5 c5 44. Bxc5 Rc2+ 45. Kb5 Rd2 46. a7 Rd8 47. a8=Q Rxa8 48. Rxa8 Ke6 49. Ra4 Kf5 50. Bd6 f3 51. Rf4+ Ke6 52. Kc5 f2 53. Rxf2 Kd7 54. Re2 Kd8 55. Kc6 Kc8 56. Re8# 1-0


[Site "https://www.chess.com"]

[Event "Titled Tuesday Blitz June 27 Late 2023"]
[White "Pakleza, Zbigniew"]
[Black "Ozates, Tuna"]
[WhiteFideId "1119290"]
[BlackFideId "6354521"]
[WhiteElo "2710"]
[BlackElo "2571"]
[Result "1-0"]
[Round "9"]
[TimeControl "180+2"]
[Date "2023.06.27"]
[WhiteClock "0:00:04"]
[BlackClock "0:00:01"]
[Board "47"]

1. d4 f5 2. Nf3 Nf6 3. c4 e6 4. Nc3 Be7 5. Bf4 O-O 6. e3 d6 7. h3 a5 8. Be2 Ne4 9. Nxe4 fxe4 10. Nd2 d5 11. O-O Bd6 12. Bxd6 Qxd6 13. f3 exf3 14. Rxf3 Rxf3 15. Nxf3 Nd7 16. Bd3 b6 17. cxd5 exd5 18. Rc1 h6 19. e4 c5 20. exd5 Bb7 21. Bb5 Nf6 22. dxc5 bxc5 23. Bc4 Rd8 24. Qb3 Rd7 25. Rd1 Kh8 26. Qc3 Re7 27. Qxa5 Qg3 28. Qd2 Ne4 29. Qe1 Qd6 30. b3 Ng5 31. Qf2 Rf7 32. Rd3 Bc8 33. Qe2 Re7 34. Nxg5 hxg5 35. Re3 Rxe3 36. Qxe3 Bd7 37. Kf2 Qf6+ 38. Kg1 g4 39. hxg4 Bxg4 40. a4 Qa1+ 41. Kh2 Qf6 42. Qg3 Qh6+ 43. Kg1 Qc1+ 44. Bf1 Qg5 45. Be2 Qc1+ 46. Bf1 Qd1 47. a5 Be2 48. Qh4+ Kg8 49. Qf2 Bxf1 50. Qxf1 Qd4+ 51. Qf2 Qd1+ 52. Qf1 Qd4+ 53. Qf2 Qd1+ 54. Kh2 Qh5+ 55. Kg3 Qg5+ 56. Kf3 Qxd5+ 57. Ke2 Qe4+ 58. Qe3 Qc2+ 59. Kf3 Qf5+ 60. Kg3 Qg6+ 61. Kh2 Qh7+ 62. Kg1 Qb1+ 63. Kf2 Qc2+ 64. Kf3 Qf5+ 65. Qf4 Qd3+ 66. Kg4 Qg6+ 67. Kh4 Qh7+ 68. Kg3 Qd3+ 69. Kh2 Qh7+ 70. Kg1 Qb1+ 71. Kf2 Qc2+ 72. Kg1 Qb1+ 73. Kh2 Qh7+ 74. Kg3 Qg6+ 75. Qg4 Qd3+ 76. Qf3 Qg6+ 77. Kh2 Qh7+ 78. Qh3 Qe4 79. Qc8+ Kh7 80. Qh3+ Kg8 81. a6 Qe5+ 82. Qg3 Qh5+ 83. Qh3 Qe5+ 84. g3 Qe2+ 85. Qg2 Qh5+ 86. Kg1 Qd1+ 87. Qf1 Qd4+ 88. Qf2 Qa1+ 89. Qf1 Qd4+ 90. Kh2 Qb2+ 91. Kh3 Qa3 92. Qc4+ Kh7 93. Qh4+ Kg6 94. Qg4+ Kh7 95. Qa4 Qc1 96. Qh4+ Kg6 97. Qe4+ Kf7 98. Qf4+ Qxf4 99. gxf4 1-0


[Site "https://www.chess.com"]

[Event "Titled Tuesday Blitz June 27 Late 2023"]
[White "Goryachkina, Aleksandra"]
[Black "Jimenez Almeida, Luis David"]
[WhiteFideId "4147103"]
[BlackFideId "22242244"]
[WhiteElo "2665"]
[BlackElo "2555"]
[Result "1-0"]
[Round "9"]
[TimeControl "180+2"]
[Date "2023.06.27"]
[WhiteClock "0:00:12"]
[BlackClock "0:00:00"]
[Board "48"]

1. e4 c5 2. Nf3 e6 3. d4 cxd4 4. Nxd4 a6 5. Bd3 Qc7 6. O-O d6 7. c4 Nc6 8. Nxc6 bxc6 9. Nc3 Be7 10. Be3 Rb8 11. Qc2 Nf6 12. h3 O-O 13. f4 Nd7 14. b3 Re8 15. Rad1 Qa5 16. Kh1 Nc5 17. Be2 Qc7 18. Bf3 Nd7 19. Qf2 c5 20. Rd2 Bb7 21. Rfd1 Rbd8 22. Ne2 Nb8 23. a3 a5 24. b4 axb4 25. axb4 Na6 26. b5 Nb4 27. f5 exf5 28. exf5 Bxf3 29. Qxf3 Bf6 30. Nf4 Bc3 31. Re2 Be5 32. Nd5 Nxd5 33. Rxd5 Qa7 34. Bg1 h6 35. Qd3 Qa1 36. Rd2 Qa5 37. Rd1 Qb4 38. Bh2 Bxh2 39. Kxh2 Qb2 40. Rxd6 Qe5+ 41. Qg3 Rxd6 42. Qxe5 Rxe5 43. Rxd6 Re4 44. b6 Rxc4 45. b7 Rb4 46. Rd8+ 1-0


[Site "https://www.chess.com"]

[Event "Titled Tuesday Blitz June 27 Late 2023"]
[White "Tologon tegin, Semetei"]
[Black "Veiga, Jose Francisco R P Neves"]
[WhiteFideId "13800574"]
[BlackFideId "1930087"]
[WhiteElo "2552"]
[BlackElo "2663"]
[Result "0-1"]
[Round "9"]
[TimeControl "180+2"]
[Date "2023.06.27"]
[WhiteClock "0:00:00"]
[BlackClock "0:00:36"]
[Board "49"]

1. g3 d5 2. Bg2 Nf6 3. d3 Bf5 4. Nd2 c6 5. e4 Bg6 6. Qe2 e6 7. Ngf3 Be7 8. O-O O-O 9. h3 Nbd7 10. Nh4 e5 11. Nxg6 hxg6 12. f4 exf4 13. gxf4 dxe4 14. dxe4 Re8 15. Qf3 Qb6+ 16. Kh1 Nc5 17. e5 Nh5 18. Qg4 Qb4 19. c3 Qb5 20. f5 Qd3 21. Rf3 Qc2 22. b4 Nd3 23. fxg6 fxg6 24. Qxg6 Nf2+ 25. Rxf2 Qxg6 26. Nf3 Ng3+ 27. Kh2 Ne4 28. Re2 Bf8 29. Bf4 Nxc3 30. Rd2 Nd5 31. Bg3 Bxb4 32. Rd4 Bc3 33. Rg4 Qxg4 34. hxg4 Bxa1 0-1


[Site "https://www.chess.com"]

[Event "Titled Tuesday Blitz June 27 Late 2023"]
[White "Vaibhav Jayant Raut"]
[Black "Perez, Maximiliano"]
[WhiteFideId "5089034"]
[BlackFideId "117234"]
[WhiteElo "2630"]
[BlackElo "2538"]
[Result "1-0"]
[Round "9"]
[TimeControl "180+2"]
[Date "2023.06.27"]
[WhiteClock "0:01:36"]
[BlackClock "0:00:00"]
[Board "50"]

1. c4 e6 2. Nf3 d5 3. d4 a6 4. cxd5 exd5 5. Nc3 Nf6 6. Bg5 Be6 7. e3 Bd6 8. Bd3 h6 9. Bh4 Nbd7 10. Rc1 c6 11. O-O O-O 12. a3 a5 13. Nd2 Re8 14. f4 Nf8 15. Nf3 Bg4 16. h3 Bxf3 17. Qxf3 Be7 18. Rce1 Ne4 19. Bxe7 Qxe7 20. Bxe4 dxe4 21. Qg4 b5 22. f5 Nd7 23. a4 b4 24. Ne2 Nf6 25. Qg3 c5 26. dxc5 Qxc5 27. Nd4 Rad8 28. Rc1 Qd5 29. Rc6 Qe5 30. Qxe5 Rxe5 31. Rfc1 Nd5 32. Kf2 Ne7 33. R6c5 Rdd5 34. Rxd5 Rxd5 35. g4 h5 36. Rc7 Kf8 37. Ra7 Nc8 38. Ra8 Rc5 39. Nb3 Rc2+ 40. Kg3 hxg4 41. hxg4 Ke7 42. Nxa5 Nd6 43. b3 g5 44. fxg6 fxg6 45. Ra7+ Ke6 46. Ra6 Ke5 47. Nc6+ Kf6 48. Nd4 1-0


[Site "https://www.chess.com"]

[Event "Titled Tuesday Blitz June 27 Late 2023"]
[White "Vovk, Orest"]
[Black "cafu1950"]
[WhiteFideId "14113490"]
[WhiteElo "2525"]
[BlackElo "2624"]
[Result "1-0"]
[Round "9"]
[TimeControl "180+2"]
[Date "2023.06.27"]
[WhiteClock "0:01:19"]
[BlackClock "0:00:02"]
[Board "51"]

1. g4 d5 2. h3 Nc6 3. Bg2 e5 4. c4 dxc4 5. Bxc6+ bxc6 6. Nc3 h5 7. Qa4 hxg4 8. hxg4 Rxh1 9. Qxc6+ Bd7 10. Qxh1 Bxg4 11. Qc6+ Bd7 12. Qxc4 Nf6 13. d3 Be7 14. Nf3 Bd6 15. Bg5 Rb8 16. Qh4 Rxb2 17. Qh8+ Bf8 18. Nd5 Nxd5 19. Bxd8 Nf4 20. Ng1 Ng6 21. Qh1 Kxd8 22. Qa8+ Bc8 23. Qxa7 Nf4 24. Rc1 Bb4+ 25. Kf1 Bd6 26. a4 Bd7 27. Qa8+ Ke7 28. a5 Nh3 29. Qf3 Nxg1 30. Kxg1 Rb4 31. a6 Ra4 32. Qb7 Rg4+ 33. Kf1 Ra4 34. a7 Bh3+ 35. Ke1 Bb4+ 36. Qxb4+ Rxb4 1-0


[Site "https://www.chess.com"]

[Event "Titled Tuesday Blitz June 27 Late 2023"]
[White "Jovic, Stanoje"]
[Black "Sun, Rick"]
[WhiteFideId "905020"]
[BlackFideId "30909481"]
[WhiteElo "2520"]
[BlackElo "2594"]
[Result "1-0"]
[Round "9"]
[TimeControl "180+2"]
[Date "2023.06.27"]
[WhiteClock "0:00:50"]
[BlackClock "0:00:00"]
[Board "52"]

1. c4 d6 2. g3 g6 3. Bg2 Bg7 4. Nc3 e5 5. Nf3 f5 6. d3 Nc6 7. O-O Nf6 8. Rb1 a5 9. a3 O-O 10. b4 axb4 11. axb4 h6 12. b5 Ne7 13. Ne1 g5 14. Nc2 f4 15. Nb4 h5 16. e3 Nf5 17. Nbd5 h4 18. Nxf6+ Bxf6 19. Nd5 hxg3 20. fxg3 Kg7 21. gxf4 Ra2 22. Rb2 Rxb2 23. Bxb2 c6 24. Nxf6 Qxf6 25. fxe5 dxe5 26. e4 Qd6 27. exf5 Qb4 28. Bxe5+ Kh6 29. Qf3 Bxf5 30. Qe3 cxb5 31. Be4 Bxe4 32. Rxf8 Qxf8 33. Qxe4 bxc4 34. dxc4 Qb4 35. Qd4 Qe1+ 36. Kg2 Qe2+ 37. Kg3 Qe1+ 38. Kf3 Qh1+ 39. Kf2 b5 40. cxb5 Qb1 41. b6 Qc2+ 42. Ke3 Qc1+ 43. Ke4 Qb1+ 44. Kd5 Qb5+ 45. Kd6 Qa6 46. Kc7 Qa5 47. Bd6 Kh5 48. Qc5 Qe1 49. Be7 1-0


[Site "https://www.chess.com"]

[Event "Titled Tuesday Blitz June 27 Late 2023"]
[White "Womacka, Mathias"]
[Black "Nefedov, Sergey"]
[WhiteFideId "4611390"]
[BlackFideId "24113417"]
[WhiteElo "2507"]
[BlackElo "2589"]
[Result "1-0"]
[Round "9"]
[TimeControl "180+2"]
[Date "2023.06.27"]
[WhiteClock "0:00:14"]
[BlackClock "0:00:16"]
[Board "53"]

1. e4 d5 2. exd5 Qxd5 3. Nc3 Qd8 4. d4 Nf6 5. Nf3 c6 6. Bd3 Bg4 7. Be3 e6 8. h3 Bh5 9. Qe2 Be7 10. O-O-O Nbd7 11. g4 Bg6 12. Ne5 Nxe5 13. dxe5 Bxd3 14. Rxd3 Nd5 15. Ne4 Qc7 16. f4 O-O 17. Bd2 b5 18. h4 c5 19. g5 c4 20. Rg3 Rfd8 21. Nf6+ Kh8 22. Qh5 gxf6 23. gxf6 Nxf6 24. Qxf7 Rg8 25. exf6 Bd6 26. Rxg8+ Rxg8 27. Qxe6 Bxf4 28. f7 Bxd2+ 29. Kxd2 Qf4+ 30. Kc3 Qf3+ 31. Kb4 a5+ 32. Kxa5 Ra8+ 33. Kb6 Qxh1 34. Qf6# 1-0


[Site "https://www.chess.com"]

[Event "Titled Tuesday Blitz June 27 Late 2023"]
[White "Janaszak, Dawid"]
[Black "whiteglovethief"]
[WhiteFideId "1119206"]
[WhiteElo "2580"]
[BlackElo "2470"]
[Result "1-0"]
[Round "9"]
[TimeControl "180+2"]
[Date "2023.06.27"]
[WhiteClock "0:01:04"]
[BlackClock "0:00:31"]
[Board "54"]

1. e4 d5 2. exd5 Qxd5 3. Nf3 Bg4 4. Be2 Nc6 5. h3 Bxf3 6. Bxf3 Qe5+ 7. Qe2 Qxe2+ 8. Bxe2 Nd4 9. Bd1 e5 10. O-O O-O-O 11. Re1 Bd6 12. a4 f5 13. Na3 Bxa3 14. Rxa3 e4 15. d3 Nf6 16. Bg5 exd3 17. Rxd3 Rhf8 18. Re7 Nc6 19. Rxg7 Rxd3 20. cxd3 Ne5 21. d4 Nd3 22. Bc2 Nxb2 23. Bxf5+ Kd8 24. Rd7+ Ke8 25. Rxc7 Nd5 26. Rc8+ Kf7 27. Be6+ Kxe6 28. Rxf8 Nxa4 29. Rb8 b6 30. Rb7 a5 31. Rxh7 Nac3 32. h4 a4 33. h5 Ne4 34. Bc1 Ndf6 35. Rb7 Nd7 36. h6 Nef6 37. g4 Nh7 38. g5 a3 39. g6 a2 40. Ra7 1-0


[Site "https://www.chess.com"]

[Event "Titled Tuesday Blitz June 27 Late 2023"]
[White "Bitoon, Richard"]
[Black "Castella Garcia, Fausto"]
[WhiteFideId "5201110"]
[BlackFideId "3501922"]
[WhiteElo "2579"]
[BlackElo "2387"]
[Result "1-0"]
[Round "9"]
[TimeControl "180+2"]
[Date "2023.06.27"]
[WhiteClock "0:01:10"]
[BlackClock "0:00:11"]
[Board "55"]

1. e4 c5 2. c3 d6 3. d4 Nf6 4. Bd3 g6 5. Nf3 Bg7 6. dxc5 d5 7. exd5 Qxd5 8. Be3 O-O 9. O-O Bf5 10. Bxf5 Qxf5 11. Nd4 Qc8 12. Qb3 Na6 13. c6 bxc6 14. Qa4 c5 15. Nc6 Re8 16. Bg5 Nd5 17. Na3 h6 18. Bh4 Nb6 19. Qe4 g5 20. Bg3 e6 21. Nb5 f5 22. Qf3 f4 23. Nd6 Qd7 24. Nxe8 Rxe8 25. Rad1 Qc7 26. Na5 fxg3 27. Qxg3 Nd5 28. Qxc7 Naxc7 29. Nc6 a6 30. Rfe1 Kf7 31. c4 Nf6 32. Nd8+ Kg8 33. Nb7 e5 34. Nxc5 e4 35. Nd7 1-0


[Site "https://www.chess.com"]

[Event "Titled Tuesday Blitz June 27 Late 2023"]
[White "Taranenko, Evgueniy"]
[Black "Bayo Milagro, Alvaro"]
[WhiteFideId "14122138"]
[BlackFideId "22275240"]
[WhiteElo "2328"]
[BlackElo "2577"]
[Result "1-0"]
[Round "9"]
[TimeControl "180+2"]
[Date "2023.06.27"]
[WhiteClock "0:02:11"]
[BlackClock "0:01:42"]
[Board "56"]

1. e4 e5 2. Nf3 Nf6 3. Nxe5 d6 4. Nf3 Nxe4 5. Nc3 Nxc3 6. dxc3 Be7 7. Bd3 O-O 8. h4 Re8 9. Be3 h6 10. Qd2 Nd7 11. O-O-O Bf8 12. g4 Nc5 13. Bxc5 dxc5 14. Bh7+ Kxh7 15. Qxd8 Rxd8 16. Rxd8 Bd6 17. Re1 a6 18. g5 Bf4+ 19. Nd2 hxg5 20. h5 1-0


[Site "https://www.chess.com"]

[Event "Titled Tuesday Blitz June 27 Late 2023"]
[White "Fisher_TheGalactic"]
[Black "Estrada Nieto, Julian"]
[BlackFideId "5101018"]
[WhiteElo "2678"]
[BlackElo "2525"]
[Result "1-0"]
[Round "9"]
[TimeControl "180+2"]
[Date "2023.06.27"]
[WhiteClock "0:01:13"]
[BlackClock "0:01:03"]
[Board "57"]

1. Nf3 d5 2. g3 Nf6 3. Bg2 c6 4. O-O Bg4 5. d3 Nbd7 6. Nbd2 e6 7. e4 Be7 8. exd5 exd5 9. h3 Bh5 10. Re1 O-O 11. Nf1 Bd6 12. g4 Bg6 13. Ng3 Qc7 14. Nf1 Rfe8 15. Bg5 h6 16. Be3 Bf4 17. Qd2 Bxe3 18. Nxe3 Qf4 19. Red1 Re7 20. Nf5 Bxf5 21. Qxf4 Bg6 22. Re1 Rae8 23. Rxe7 Rxe7 24. Qc7 Kf8 25. Qxb7 c5 26. Qxa7 d4 27. Nh4 Bh7 28. b4 cxb4 29. Qxd4 g5 30. Nf5 Bxf5 31. gxf5 Ne5 32. Qxb4 h5 33. a4 g4 34. hxg4 hxg4 35. a5 Nfd7 36. a6 f6 37. a7 1-0


[Site "https://www.chess.com"]

[Event "Titled Tuesday Blitz June 27 Late 2023"]
[White "Tissir, Mohamed"]
[Black "Bolourchifard, Farzad"]
[WhiteFideId "9000240"]
[BlackFideId "12510084"]
[WhiteElo "2521"]
[BlackElo "2675"]
[Result "0-1"]
[Round "9"]
[TimeControl "180+2"]
[Date "2023.06.27"]
[WhiteClock "0:00:00"]
[BlackClock "0:01:12"]
[Board "58"]

1. e4 e5 2. Nf3 Nc6 3. Bc4 Bc5 4. c3 Nf6 5. d3 d6 6. Bb3 a5 7. Nbd2 O-O 8. Nf1 d5 9. Qe2 dxe4 10. dxe4 Ng4 11. Ne3 Nxe3 12. Bxe3 Qe7 13. h3 a4 14. Bd5 Na5 15. Bxc5 Qxc5 16. O-O c6 17. b4 axb3 18. axb3 cxd5 19. b4 Qc7 20. bxa5 dxe4 21. Qxe4 Rxa5 22. Rxa5 Qxa5 23. Qxe5 Qa2 24. Nd4 Qc4 25. Rc1 h6 26. Nf5 f6 27. Ne7+ Kf7 28. Qd6 Be6 29. Rb1 Qe4 30. Rb6 Re8 31. Rb4 Qe1+ 32. Kh2 Rxe7 0-1


[Site "https://www.chess.com"]

[Event "Titled Tuesday Blitz June 27 Late 2023"]
[White "Vaglio Mattey, Emanuel"]
[Black "Karttunen, Mika"]
[WhiteFideId "6504167"]
[BlackFideId "502081"]
[WhiteElo "2514"]
[BlackElo "2630"]
[Result "0-1"]
[Round "9"]
[TimeControl "180+2"]
[Date "2023.06.27"]
[WhiteClock "0:00:05"]
[BlackClock "0:00:15"]
[Board "59"]

1. Nf3 Nf6 2. b3 e6 3. Bb2 d5 4. e3 Be7 5. d4 O-O 6. Nbd2 c5 7. Bd3 cxd4 8. exd4 b6 9. O-O Ba6 10. Bxa6 Nxa6 11. Qe2 Nb4 12. c3 Nc6 13. Rfe1 Rc8 14. Rad1 Bd6 15. Ne5 Bxe5 16. dxe5 Nd7 17. c4 Re8 18. Nf3 dxc4 19. Rd6 Qe7 20. Red1 Nc5 21. Ba3 cxb3 22. axb3 Qb7 23. Qe3 Na5 24. Bxc5 bxc5 25. Rd7 Qxb3 26. Qg5 Nc6 27. h4 Nd4 28. R1xd4 cxd4 29. Qf4 Qb1+ 30. Kh2 Qf5 31. Qxd4 h6 32. Qxa7 Qf4+ 33. Kh3 Rc3 34. Qb7 Rec8 35. Qb6 R8c4 36. Qd8+ Kh7 37. Qe8 Rxf3+ 38. g3 Qg4+ 39. Kg2 Rxf2+ 40. Kxf2 Rc2+ 41. Ke3 Re2+ 42. Kd3 Qe4+ 43. Kc3 Rc2+ 44. Kb3 Qc4+ 45. Ka3 Ra2# 0-1


[Site "https://www.chess.com"]

[Event "Titled Tuesday Blitz June 27 Late 2023"]
[White "Bilan, Danila"]
[Black "Andrej2004"]
[WhiteFideId "24161918"]
[WhiteElo "2509"]
[BlackElo "2626"]
[Result "1-0"]
[Round "9"]
[TimeControl "180+2"]
[Date "2023.06.27"]
[WhiteClock "0:00:07"]
[BlackClock "0:00:15"]
[Board "60"]

1. d4 d5 2. Nf3 Nf6 3. c4 e6 4. Nc3 c6 5. Bg5 Nbd7 6. cxd5 exd5 7. e3 Bd6 8. Bd3 O-O 9. Qc2 h6 10. Bh4 Re8 11. O-O Qc7 12. Rfc1 a6 13. Rab1 Nf8 14. Bxf6 gxf6 15. Nxd5 Qd8 16. Nc3 Ne6 17. Bf5 Kh8 18. g3 Rg8 19. Rd1 Qa5 20. Ne2 Ng5 21. Be4 Nxe4 22. Qxe4 Bf5 23. Qh4 Bxb1 24. Qxh6+ Bh7 25. Qxf6+ Rg7 26. Qxd6 Qh5 27. Qf4 Re8 28. Nc3 Kg8 29. d5 Rg4 30. Qf6 Rg6 31. Qf4 cxd5 32. Nxd5 Kg7 33. Qd4+ f6 34. Nf4 Qxf3 35. Qd7+ Kh6 36. Qh3+ Kg7 37. Rd7+ Kf8 38. Nxg6+ Bxg6 39. Qh8# 1-0


[Site "https://www.chess.com"]